 Dungeon Crawl Stone Soup version 0.30-a0-137-gd8773701ce (webtiles) character file.

Game seed: 2848109306494542815

83 ytrimaz the Chopper (level 4, -3/39 HPs)
             Began as a Hill Orc Fighter on Sept 23, 2022.
             Slain by a kobold
             ... wielding a +1 whip of electrocution
              (15 damage)
             ... on level 2 of the Dungeon.
             The game lasted 00:01:19 (1848 turns).

ytrimaz the Chopper (Hill Orc Fighter)              Turns: 1848, Time: 00:01:20

Health: -3/39      AC:  8    Str: 20    XL:     4   Next: 44%
Magic:  4/4        EV:  9    Int:  8    God:
Gold:   92         SH:  4    Dex: 10    Spells: 3/3 levels left

rFire   . . .      SeeInvis .    a - +0 war axe
rCold   . . .      Faith    .    c - +0 buckler
rNeg    . . .      Spirit   .    b - +0 scale mail
rPois   .          Reflect  .    (no helmet)
rElec   .          Harm     .    (no cloak)
rCorr   .          Rampage  .    (no gloves)
Will    .....                    i - +0 pair of boots
Stlth   ..........               (no amulet)
HPRegen 0.13/turn                (no ring)
MPRegen 0.09/turn                (no ring)

@: no status effects
A: no striking features
a: no special abilities


You were on level 2 of the Dungeon.
You visited 1 branch of the dungeon, and saw 2 of its levels.

You collected 92 gold pieces.


   Skills:
 - Level 3.6 Fighting
 + Level 5.1 Axes
 + Level 4.2 Armour
 - Level 3.2 Shields


You had 3 spell levels left.
You didn't know any spells.
Your spell library contained the following spells:

 Spells                   Type           Power      Damage    Failure   Level
 Beastly Appendage        Tmut           0%         N/A       85%         1
 Sting                    Tmut/Pois      0%         1d3       85%         1
 Wereblood                Tmut           0%         N/A       94%         2
 Mephitic Cloud           Conj/Pois/Air  0%         N/A       99%         3
 Spider Form              Tmut/Pois      0%         N/A       99%         3
 Alistair's Intoxication  Tmut/Pois      0%         N/A       100%        5

Inventory:

Hand Weapons
 a - a +0 war axe (weapon)
Armour
 b - a +0 scale mail (worn)
 c - a +0 buckler (worn)
 i - a +0 pair of boots (worn)
   (You found it on level 2 of the Dungeon)
Scrolls
 j - a scroll of magic mapping {unknown}
 k - 2 scrolls of poison {unknown}
 m - a scroll of noise {unknown}
Potions
 d - a potion of might
 e - 2 potions of heal wounds {unknown}
 f - a potion of lignification {unknown}
 g - a potion of flight {unknown}
 h - 2 potions of haste {unknown}
 l - a potion of curing {unknown}

Dungeon Overview and Level Annotations

Branches:
Dungeon (2/15) Zot: 10115

Altars:
The Shining One

#.......### ##
#.......... #.
#.......... #.
#.......##. #.
####.#........#. #.
#......<........
#.##.##.#..........
#.#..##.#.........#
#.@K....##.......##
###.#######.....##
#.# #.....#
####.###### [....#
#.........# .....#
#.#####.#.# # #.#.#
#.#.# ####### #.#.#
#......


You could see a kobold.


Message History

Unknown command.
You slash the worm!
You kill the worm!
You are too injured to fight recklessly!
Unknown command.
You see here a worm corpse.
You are too injured to fight recklessly!
Key pressed, stopping explore.
k - 2 scrolls labelled RISKU CUUKYAL (gained 1) Key pressed, stopping explore.
Unknown command. 😎 HP[+11]
Your hp is fully restored (39).
You see here 5 stones.
You see here an adder corpse.
Key pressed, stopping explore.
Key pressed, stopping explore.
No target in view!
m - a scroll labelled TOCRAU ELEDAWE No target in view!
No target in view!
Key pressed, stopping explore.
No target in view!
Key pressed, stopping explore.
Unknown command.
No target in view!
A hobgoblin comes into view.
Found a stone staircase leading down.
The hobgoblin shouts!
You hear a bark!
A jackal comes into view.
There are monsters nearby!
A jackal comes into view.
The jackal barks!
There are monsters nearby!
Unknown command.
You hit the jackal.
The jackal stops to sniff the ground.
The jackal closely misses you.
The jackal bites you but does no damage.
You slash the jackal!
You kill the jackal!
The hobgoblin hits you. 😕 HP[-1]
You take 1 damage, and now have 38/39 hp.
There are monsters nearby!
Unknown command.
There are monsters nearby!
You hit the hobgoblin. The hobgoblin hits you. 😕 HP[-1]
You take 1 damage, and now have 37/39 hp.
You slash the hobgoblin!
You kill the hobgoblin!
The jackal bites you. 😕 HP[-1]
You take 1 damage, and now have 36/39 hp.
Unknown command.
You barely miss the jackal. The jackal barely misses you. x2
You hit the jackal. The jackal closely misses you.
You block the jackal's attack.
Unknown command.
You barely miss the jackal.
The jackal bites you but does no damage. x2
You slash the jackal!
You kill the jackal! 😕 HP[+1]
There is a stone staircase leading down, spattered with blood here.
Things that are here:
a jackal corpse; a jackal corpse Unknown command.
No target in view!
Key pressed, stopping explore.
Unknown command. 😎 HP[+2]
Your hp is fully restored (39).
You now have 92 gold pieces (gained 8).
A kobold comes into view.
It is wielding a +1 whip of electrocution.
The kobold shouts!
An endoplasm comes into view.
There are monsters nearby!
There are monsters nearby!
The endoplasm quivers.
There are monsters nearby!
You hit the endoplasm. The endoplasm misses you.
There are monsters nearby!
There are monsters nearby!
You hit the endoplasm.
You kill the endoplasm!
A kobold is nearby!
You hit the kobold.
The kobold hits you with a +1 whip of electrocution. 😕 HP[-3]
You take 3 damage, and now have 36/39 hp.
You closely miss the kobold.
The kobold hits you with a +1 whip of electrocution.
You are electrocuted!!
* * * LOW HITPOINT WARNING * * *
The kobold hits you with a +1 whip of electrocution.
* * * LOW HITPOINT WARNING * * *
You are electrocuted!
You die...

Skill      XL: |  1  2  3  4 |
---------------+-------------+-----
Axes           | 3 4 5 |  5.1
Armour         | 4 |  4.2
Fighting       | |  3.6
Shields        | |  3.2

Action                   |  1- 3 |  4- 6 || total
-------------------------+-------+-------++-------
Melee: War axe           |    88 |    26 ||   114
Armor: Scale mail        |    55 |     6 ||    61
Dodge: Dodged            |    41 |    14 ||    55
Block: Buckler           |    22 |     3 ||    25

Levels and vault maps discovered:
D:1:      mrwooster_arrival_arrow, layout_basic,
          hellmonk_ecumenical_altar_crossroads, roderic_lattice_a
D:2:      layout_loops_cross, basic_altar, uniq_robin

Notes
Turn   | Place    | Note
-------+----------+-------------------------------------------
     0 | D:1      | ytrimaz the Hill Orc Fighter began the quest for the Orb.
     0 | D:1      | Reached XP level 1. HP: 19/19 MP: 1/1
     0 | D:1      | magus.rc [v1.9.6]
    59 | D:1      | Reached skill level 3 in Axes
    61 | D:1      | Reached XP level 2. HP: 18/26 MP: 2/2
    68 | D:1      | Reached skill level 4 in Axes
   279 | D:1      | Found a faded altar of an unknown god.
   354 | D:1      | You add the spells Sting, Mephitic Cloud and Alistair's
                  | Intoxication to your library.
   354 | D:1      | Got Eludeff's Atlas of Changing Impurities
   530 | D:1      | You pick up a book of Changes and begin reading...
   530 | D:1      | You add the spells Beastly Appendage, Wereblood and Spider
                  | Form to your library.
   565 | D:1      | Reached XP level 3. HP: 30/31 MP: 3/3
  1267 | D:2      | Found a glowing golden altar of the Shining One.
  1502 | D:2      | Reached skill level 4 in Armour
  1502 | D:2      | Reached XP level 4. HP: 39/39 MP: 4/4
  1533 | D:2      | Reached skill level 5 in Axes
  1848 | D:2      | Slain by a kobold

Vanquished Creatures
  2 adders (D:2)
  A worm (D:2)
  2 dart slugs
  7 ball pythons
  8 endoplasms
  4 goblins
  4 hobgoblins
  10 jackals
  3 kobolds
  3 quokkas
  3 bats (D:1)
  2 frilled lizards
  A rat (D:2)
50 creatures vanquished.

Table legend:
 A = Non-vault XP
 B = Vault XP
 C = Vault XP percentage of total XP
 D = Non-vault monster count
 E = Vault monster count
 F = Vault count percentage of total count
                 A         B        C        D         E       F
            +---------+---------+-------+---------+---------+-------
      Total |     119 |       0 |   0.0 |      50 |       0 |   0.0
            +---------+---------+-------+---------+---------+-------
        D:1 |      51 |       0 |   0.0 |      28 |       0 |   0.0
        D:2 |      68 |       0 |   0.0 |      22 |       0 |   0.0
            +---------+---------+-------+---------+---------+-------

Illustrated notes

Table legend:
 A = Kills in this place as a percentage of kills in entire the game.
 B = Kills by you in this place as a percentage of kills by you in the entire game.
 C = Kills by friends in this place as a percentage of kills by friends in the entire game.
 D = Other kills in this place as a percentage of other kills in the entire game.
 E = Experience gained in this place as a percentage of experience gained in the entire game.
 F = Experience gained in this place divided by the number of levels of this place that you have seen.
                   A       B       C       D       E      F
               +-------+-------+-------+-------+-------+----------------------
         Total | 100.0 | 100.0 |   N/A |   N/A | 100.0 |  59.5
       Dungeon | 100.0 | 100.0 |   N/A |   N/A | 100.0 |  59.5
               +-------+-------+-------+-------+-------+----------------------

Table legend: (Time is in decaauts)
 A = Elapsed time spent in this place.
 B = Non-inter-level travel time spent in this place.
 C = Inter-level travel time spent in this place.
 D = Time resting spent in this place.
 E = Time spent auto-exploring this place.
 F = Levels seen in this place.
 G = Mean time per level.
                   A        B        C        D        E       F      G
               +--------+--------+--------+--------+--------+-----+--------+
         Total |   1883 |   1852 |     31 |      0 |   1526 |   2 |  941.5 |
       Dungeon |   1883 |   1852 |     31 |      0 |   1526 |   2 |  941.5 |
               +--------+--------+--------+--------+--------+-----+--------+

Top non-repeatable levels by time:
     D:1: 1133 daAuts
     D:2: 750 daAuts
